 Dungeon Crawl Stone Soup version 0.31.0-11-ge490571c62 (webtiles) character file.

Game seed: 14547552703192774446

257 stipulation the Purveyor of Pain (level 6, -3/28 HPs)
             Began as a Vine Stalker Necromancer on Jan 28, 2024.
             Was an Initiate of Kikubaaqudgha.
             Slain by a black bear (5 damage)
             ... on level 5 of the Dungeon.
             The game lasted 00:04:05 (2624 turns).

stipulation the Purveyor of Pain (VSNe)             Turns: 2624, Time: 00:04:06

Health: -3/28      AC:  3    Str: 11    XL:     6   Next: 16%
Magic:  0/14       EV: 12    Int: 17    God:    Kikubaaqudgha [......]
Gold:   136        SH:  0    Dex: 14    Spells: 6/14 levels left

rFire   . . .        i - +0 dagger (freeze)
rCold   . . .        (no shield)
rNeg    . . .        a - +0 robe
rPois   .            (no helmet)
rElec   .            (no cloak)
rCorr   .            m - +0 pair of gloves
SInv    .            (no boots)
Will    .....        (no amulet)
Stlth   ++           (no ring)
HPRegen 1.04/turn    (no ring)
MPRegen 0.14/turn

%: guardian spirit
@: very slightly contaminated
A: fangs 2, regeneration 1, magic shield, antimagic bite, no potion heal 2
a: Renounce Religion


You were on level 5 of the Dungeon.
You worshipped Kikubaaqudgha.
Kikubaaqudgha was noncommittal.
You visited 2 branches of the dungeon, and saw 6 of its levels.

You collected 178 gold pieces.
You spent 42 gold pieces at shops.

Inventory:

Hand Weapons
 i - a +0 dagger of freezing (weapon)
Armour
 a - a +0 robe (worn)
 m - a +0 pair of gloves (worn)
Jewellery
 p - a ring of positive energy
Scrolls
 c - 2 scrolls of identify
 g - a scroll of fog
Potions
 d - 2 potions of invisibility {unknown}
 e - a potion of enlightenment {unknown}
 f - a potion of brilliance {unknown}
 h - 4 potions of attraction {unknown}
 j - a potion of ambrosia {unknown}
 k - 2 potions of curing
 l - a potion of cancellation {unknown}
 r - a potion of might {unknown}
 s - a potion of haste {unknown}
 t - a potion of heal wounds {unknown}


   Skills:
 - Level 1.5 Dodging
 - Level 2.4 Stealth
 + Level 4.7 Spellcasting
 + Level 5.8 Necromancy


You had 6 spell levels left.
You knew the following spells:

 Your Spells              Type           Power      Damage    Failure   Level
a - Necrotise             Necr           92%        1d8       1%          1
b - Vampiric Draining     Necr           23%        2d7       4%          3
c - Animate Dead          Necr           23%        N/A       13%         4

Your spell library contained the following spells:

 Spells                   Type           Power      Damage    Failure   Level
 Sublimation of Blood     Necr           23%        N/A       1%          2
 Apportation              Tloc           8%         N/A       14%         1
 Sting                    Conj/Alch      16%        1d4       14%         1
 Summon Small Mammal      Summ           16%        N/A       14%         1
 Curse of Agony           Necr           23%        N/A       36%         5
 Petrify                  Alch/Erth      4%         N/A       82%         4
 Irradiate                Conj/Alch      2%         3d12      99%         5


Dungeon Overview and Level Annotations

Branches:
Dungeon (6/15)             Temple (1/1) D:6

Altars:
Dithmenos
Fedhas
Gozag
Hepliaklqana
Kikubaaqudgha
Makhleb
Okawaru
Qazlal
Sif Muna
Trog
Zin
The Shining One

Shops:
D:2 !   D:6 *


Innate Abilities, Weirdness & Mutations

You have extremely sharp teeth.
Your natural rate of healing is unusually fast.
When hurt, damage is shared between your health and your magic reserves.
Your bite disrupts and absorbs the magic of your enemies.
Potions cannot restore your health.


Message History

Aiming: Vampiric Draining (dangerous; 4% risk of failure)
Press: ? - help, Shift-Dir - straight line, f/p - black bear
Aim: a black bear You draw life force from the black bear!
You feel life coursing into your body. The black bear completely misses you.
The black bear claws you. x2
Casting: Vampiric Draining (dangerous; 4% risk of failure)
Confirm with . or Enter, or press ? or * to list all spells.
Aiming: Vampiric Draining (dangerous; 4% risk of failure)
Press: ? - help, Shift-Dir - straight line, f/p - black bear
Aim: a black bear (moderately wounded)
You draw life force from the black bear!
You feel life coursing into your body.
The black bear goes berserk!
You hit the black bear but do no damage.
The black bear is severely wounded.
The black bear bites you. The black bear closely misses you.
The black bear barely misses you. x2; The black bear claws you. x2
You hit the black bear. You freeze the black bear.
The black bear is severely wounded.
The black bear bites you. The black bear claws you.
* * * LOW HITPOINT WARNING * * *
The black bear completely misses you.
You hit the black bear. You freeze the black bear. You bite the black bear.
You drain its power.
You feel invigorated.
The black bear is almost dead.
The black bear bites you!
* * * LOW HITPOINT WARNING * * *
The black bear claws you.
* * * LOW HITPOINT WARNING * * *
The black bear misses you. The black bear barely misses you. x2
The black bear claws you.
* * * LOW HITPOINT WARNING * * *
Casting: Vampiric Draining (dangerous; 4% risk of failure)
Confirm with . or Enter, or press ? or * to list all spells.
Aiming: Necrotise (safe; 1% risk of failure)
Press: ? - help, Shift-Dir - straight line, f/p - black bear
Aim: a black bear (almost dead, berserk, chance to affect: 81%)
The black bear barely resists.
The black bear bites you.
You die...
Kikubaaqudgha rasps: "You have failed me!
Welcome... death!"

#######
.......###.####
......h@......#
........###...#
........# #
........#
.........
#########


You could see a black bear (berserk).

Vanquished Creatures
  A bullfrog (Temple)
  A scorpion (D:6)
  A hound (Temple)
  3 gnolls (D:3)
  3 adders
  A white imp (Temple)
  A dart slug (D:1)
  A ribbon worm (D:3)
  2 orcs
  2 bats (D:2)
  6 endoplasms
  3 giant cockroaches (D:2)
  2 goblins
  A hobgoblin (D:1)
  A kobold (D:2)
  5 ball pythons
  A frilled lizard (D:2)
  3 rats
38 creatures vanquished.

Vanquished Creatures (collateral kills)
  A ball python (D:1)
  A goblin (D:1)
2 creatures vanquished.

Grand Total: 40 creatures vanquished

Notes
Turn   | Place    | Note
-------+----------+-------------------------------------------
     0 | D:1      | stipulation the Vine Stalker Necromancer began the quest
                  | for the Orb.
     0 | D:1      | Reached XP level 1. HP: 9/9 MP: 4/4
   274 | D:1      | Reached XP level 2. HP: 13/13 MP: 2/6
   899 | D:2      | Found Juunin's Distillery.
   905 | D:2      | Bought a potion of curing for 42 gold pieces
   914 | D:2      | Found a hazy altar of Hepliaklqana.
  1150 | D:2      | Reached XP level 3. HP: 13/16 MP: 1/8
  1878 | D:3      | Reached XP level 4. HP: 21/21 MP: 5/10
  1882 | D:3      | Learned a level 3 spell: Vampiric Draining
  1887 | D:3      | Learned a level 4 spell: Animate Dead
  2118 | D:3      | Reached skill level 5 in Necromancy
  2152 | D:3      | You fall into a shaft and drop 3 floors!
  2157 | D:6      | Found a staircase to the Ecumenical Temple.
  2169 | D:6      | Noticed a bullfrog
  2172 | Temple   | Entered the Ecumenical Temple
  2176 | Temple   | Reached XP level 5. HP: 20/24 MP: 5/12
  2186 | Temple   | Became a worshipper of Kikubaaqudgha
  2372 | D:6      | Found Bodyt's Serpentskin Sales.
  2372 | D:6      | Noticed a water moccasin
  2372 | D:6      | Noticed a water moccasin
  2469 | D:6      | Reached XP level 6. HP: 28/28 MP: 1/14
  2612 | D:6      | Noticed a black bear
  2617 | D:5      | Entered Level 5 of the Dungeon
  2623 | D:5      | HP: 1/28 [black bear (2)]
  2624 | D:5      | Slain by a black bear

Illustrated notes

Levels and vault maps discovered:
D:1:      nzn_arrival_depleted_hourglass, layout_basic
D:2:      layout_loops_ring, basic_altar, serial_shops,
          nicolae_shop_rolling_square
D:3:      layout_loops_ring, mainiacjoe_overflow_surrounded_room
D:5:      layout_loops_cross, lemuel_zombie_altar_yredelemnul,
          kennysheep_little_box, minmay_misc_feat_chi, kennysheep_generic_room_2
D:6:      layout_rooms, minmay_temple_entry_overgrown, guppyfry_shop_venom
Temple:   hellmonk_temple_flake

Skill      XL: |  1  2  3  4 |
---------------+-------------+-----
Spellcasting   | 3 4 |  4.7
Necromancy     | 5 |  5.8
Dodging        | |  1.5
Stealth        | |  2.4

Action                     |  1- 3 |  4- 6 || total
---------------------------+-------+-------++-------
  Melee: Unarmed           |     4 |       ||     4
         Bite              |     2 |     7 ||     9
         Dagger            |     1 |    19 ||    20
         Punch             |     1 |       ||     1
   Cast: Necrotise         |    52 |    20 ||    72
         Vampiric Draining |       |     9 ||     9
    Use: Potion            |       |     2 ||     2
         Scroll            |       |     4 ||     4
   Stab: Sleeping          |       |     1 ||     1
 Armour: Robe              |     5 |    47 ||    52
  Dodge: Dodged            |    10 |    35 ||    45
